 Dungeon Crawl Stone Soup version 0.17-a0-2064-g265a032 (webtiles) character file.

524 radek the Destroyer (level 7, -8/36 HPs)
             Began as a Deep Elf Conjurer on Oct 12, 2015.
             Mangled by graki42's ghost (10 damage)
             ... on level 5 of the Dungeon.
             The game lasted 00:35:47 (5566 turns).

radek the Destroyer (Deep Elf Conjurer)             Turns: 5566, Time: 00:35:47

Health: -8/36      AC:  3    Str:  6    XL:     7   Next: 2%
Magic:  0/14       EV: 13    Int: 21    God:
Gold:   205        SH:  0    Dex: 15    Spells: 2 memorised, 7 levels left

rFire  . . .     SeeInvis .     (no weapon)
rCold  . . .     Clarity  .     r - +0 robe
rNeg   . . .     SustAt   .     (no shield)
rPois  .         Gourm    .     (no helmet)
rElec  .         Spirit   .     e - +0 cloak
rCorr  .         Warding  .     (no gloves)
rMut   .         Stasis   .     (no boots)
MR     .....                    (no amulet)
Stlth  ++........               (no ring)
                                d - ring of wizardry

@: not resistant to hostile enchantments, unstealthy
A: no striking features
a: no special abilities


You were on level 5 of the Dungeon.
You were not hungry.

You visited 1 branch of the dungeon, and saw 5 of its levels.
You also visited: Ossuary.

You collected 205 gold pieces.

Inventory:

Hand Weapons
 f - a +0 dagger
Armour
 a - a +0 robe
 e - a +0 cloak (worn)
 j - a +0 robe
 r - a +0 robe (worn)
Jewellery
 d - a ring of wizardry (left hand)
 t - a +2 ring of intelligence {unknown}
Wands
 s - a wand of cold (2)
Scrolls
 h - 2 scrolls of random uselessness
 m - a scroll of immolation {unknown}
 p - 5 scrolls of identify
 u - a scroll of magic mapping {unknown}
 x - a scroll of remove curse
 y - 4 scrolls of amnesia
Potions
 g - a potion of agility {unknown}
 i - a potion of heal wounds {unknown}
 k - 3 potions of curing {unknown}
 l - a potion of degeneration {unknown}
 n - a potion of flight {unknown}
 q - a potion of ambrosia {unknown}
 v - 3 potions of lignification {unknown}
Books
 b - a book of Conjurations

   Spells                             Type                      Level
   a - Magic Dart                     Conjuration                  1
   b - Searing Ray                    Conjuration                  2
   c - Dazzling Spray                 Conjuration/Hexes            3
   d - Fulminant Prism                Conjuration/Hexes            4
   e - Iskenderun's Mystic Blast      Conjuration                  4
   f - Iskenderun's Battlesphere      Conjuration/Charms           5
Comestibles
 c - 3 bread rations
 o - 2 meat rations


   Skills:
 + Level 2.4 Dodging
 - Level 2.4 Stealth
 + Level 3.5 Spellcasting
 * Level 8.0 Conjurations
 + Level 5.5 Charms


You had 7 spell levels left.
You knew the following spells:

 Your Spells              Type           Power        Failure   Level  Hunger
a - Magic Dart            Conj           ####         1%          1    None
b - Iskenderun's Battles  Conj/Chrm      ####....     10%         5    ######.


Dungeon Overview and Level Annotations

Branches:
Dungeon (5/15)
 Temple: D:4-7

Altars:
Elyvilon
Nemelex Xobeh

Annotations:
D:5 graki42's ghost, novice MiFi


Message History

Casting: Magic Dart
Confirm with . or Enter, or press ? or * to list all spells.
You don't have enough magic to cast that spell.
Found a leather armour.
Casting: Magic Dart
Confirm with . or Enter, or press ? or * to list all spells.
Aiming: Magic Dart
Press: ? - help, Shift-Dir - straight line, f/p - graki42's ghost
Aim: graki42's ghost (severely damaged)
The magic dart hits graki42's ghost.
Graki42's ghost is severely damaged.
Your battlesphere fires!
The barrage of energy hits graki42's ghost.
Graki42's ghost is almost destroyed.
Graki42's ghost barely misses you.
Casting: Magic Dart
Confirm with . or Enter, or press ? or * to list all spells.
You don't have enough magic to cast that spell.
Graki42's ghost hits you!
You die...

#######.## ........>#
#######.## #†#
########## #.#
#........# #.#
#....*...# #.####
#......[.# #.##.#
###.....@..# #....#
#......W...# ####.#
#(.....##### #.#
#......# #.# #......#
#.# #......# #.#
#......#############.#
#......'...(.........#
#......###############


You could see graki42's ghost.

Vanquished Creatures
  An ogre (D:4)
  A giant frog (D:4)
  A scorpion (D:4)
  An orc priest (D:4)
  An orc wizard (D:4)
  Ijyb (D:4)
  2 worker ants
  7 adders
  An ooze (D:3)
  2 worms
  8 orcs
  6 bats
  15 goblins
  12 hobgoblins
  18 jackals
  10 kobolds
  A ball python (D:2)
  6 giant cockroaches
  3 giant newts
  2 hobgoblin zombies (Ossuary)
  2 kobold zombies (Ossuary)
  2 orc zombies (Ossuary)
  2 quokkas
  A quokka skeleton (D:4)
  7 rats
113 creatures vanquished.

Notes
Turn   | Place    | Note
--------------------------------------------------------------
     0 | D:1      | radek the Deep Elf Conjurer began the quest for the Orb.
     0 | D:1      | Reached XP level 1. HP: 10/10 MP: 6/6
   259 | D:1      | Reached XP level 2. HP: 15/15 MP: 6/8
   396 | D:1      | Reached skill level 5 in Conjurations
  1131 | D:1      | Reached XP level 3. HP: 19/19 MP: 6/9
  1464 | D:2      | Found a white marble altar of Elyvilon.
  1672 | D:2      | Reached skill level 6 in Conjurations
  1795 | D:2      | Reached XP level 4. HP: 24/24 MP: 6/10
  1833 | D:2      | Found a faded altar to an unknown god.
  2818 | D:3      | Found a sparkling altar of Nemelex Xobeh.
  3295 | D:4      | Found a sand-covered staircase.
  3316 | Ossuary  | Entered an ossuary
  3476 | Ossuary  | Noticed brucemayne's ghost (novice VSBe)
  3751 | D:4      | Noticed a giant frog
  3758 | D:4      | Killed a giant frog
  3758 | D:4      | Reached skill level 7 in Conjurations
  3758 | D:4      | Reached XP level 5. HP: 26/28 MP: 3/11
  3833 | D:4      | Learned a level 5 spell: Iskenderun's Battlesphere
  3931 | D:4      | Noticed Ijyb
  3977 | D:4      | Killed Ijyb
  4313 | D:4      | Reached XP level 6. HP: 32/32 MP: 3/12
  4562 | D:4      | Noticed an ogre
  4633 | D:4      | Killed an ogre
  4633 | D:4      | Reached skill level 5 in Charms
  5507 | D:5      | Entered Level 5 of the Dungeon
  5514 | D:5      | Reached skill level 8 in Conjurations
  5514 | D:5      | Reached XP level 7. HP: 36/36 MP: 5/14
  5550 | D:5      | Noticed graki42's ghost (novice MiFi)
  5557 | D:5      | HP: 1/36 [graki42's ghost (4)]
  5566 | D:5      | Mangled by graki42's ghost

Vault maps used:
D:1:      minmay_arrival_plants_in_alcoves, st_stairs_7, minmay_misc_feat_iff
D:2:      ecumenical_altar_2, elyvilon_altar_3
D:3:      first_bread, nemelex_dance_club_becter
D:4:      kennysheep_goblin_castle, nicolae_ossuary_entry_monument
D:5:      zin_angel, lemuel_flamethrower_2, uniq_menkaure
Ossuary:  ossuary_tomb_1

Action                   |  1- 3 |  4- 6 |  7- 9 || total
-------------------------+-------+-------+-------++-------
Melee: Unarmed           |       |     8 |       ||     8
 Cast: Magic Dart        |    73 |   198 |     7 ||   278
       Iskenderun's Batt |       |     2 |     1 ||     3
  Use: Scroll            |     3 |     3 |       ||     6
  Eat: Chunk             |     2 |     3 |       ||     5
       Meat ration       |       |     2 |       ||     2
       Pizza             |       |     1 |       ||     1
